General information
			
			
        
        - name: jay
 
        - type: Custom game
 
        - host: Saigon
 
        - saver: Saigon
 
        
map: TwistedMeadows 
        - players: 7
 
        - length: 11:54
 
        - speed: Fast
 - version: 1.22 W3XP
 - replay type:  Public
 
» download(60 KB)
Players
        team 1 (loser) 
              
              
Saigon (
pink | 131 APM | 1565 actions | 11:54)
              
 3 Blademaster 
 1 Wind Walk
 2 Critical Strike
 1 Shadow Hunter 
 1 Hex
 
                » actions 
                
                | Assign group hotkey | 19 |  | 
| Basic commands | 60 |  | 
| Build / train | 39 |  | 
| ESC pressed | 4 |  | 
| Enter build submenu | 14 |  | 
| Enter hero's abilities submenu | 4 |  | 
| Remove unit from queue | 1 |  | 
| Right click | 755 |  | 
| Select / deselect | 327 |  | 
| Select group hotkey | 290 |  | 
| Use ability | 51 |  | 
                1565 total
 » units 
                
                | Peon | 10 |  | 
| Grunt | 9 |  | 
| Troll Headhunter/Berserker | 2 |  | 
                21 total
 » upgrades
                » buildings
                
                | Altar of Storms | 1 |  | 
| Orc Burrow | 4 |  | 
| Barracks | 2 |  | 
| Voodoo Lounge | 3 |  | 
| Stronghold | 1 |  | 
| Beastiary | 2 |  | 
| War Mill | 1 |  | 
                14 total
 » build order
                00:02 Altar of Storms
00:04 Orc Burrow
00:36 Barracks
01:44 Orc Burrow
02:03 Voodoo Lounge
03:36 Voodoo Lounge
04:10 Stronghold
05:45 Orc Burrow
07:16 Voodoo Lounge
07:22 Beastiary
08:09 War Mill
08:29 Beastiary
10:28 Barracks
10:55 Orc Burrow
» items
                
                | Healing Salve | 3 |  | 
| Lesser Clarity Potion | 3 |  | 
| Scroll of Speed | 1 |  | 
| Potion of Healing | 2 |  | 
| Scroll of Town Portal | 1 |  | 
                10 total
  
               team 2 (winner) 
              
              
IPRACTICE2SUCK (
red | 261 APM | 3106 actions | 11:54)
              
 3 Blademaster 
 2 Wind Walk
 1 Critical Strike
 2 Shadow Hunter 
 1 Hex
 1 Healing Wave
 
                » actions 
                
                | Assign group hotkey | 37 |  | 
| Basic commands | 22 |  | 
| Build / train | 66 |  | 
| Enter build submenu | 13 |  | 
| Enter hero's abilities submenu | 6 |  | 
| Remove unit from queue | 9 |  | 
| Right click | 1128 |  | 
| Select / deselect | 244 |  | 
| Select group hotkey | 1508 |  | 
| Use ability | 73 |  | 
                3106 total
 » units 
                
                | Peon | 6 |  | 
| Grunt | 6 |  | 
| Raider | 4 |  | 
| Spirit Walker | 2 |  | 
| Kodo Beast | 1 |  | 
                19 total
 » upgrades
                
                | Berserker Strength | 1 |  | 
| Ensnare | 1 |  | 
                2 total
 » buildings
                
                | Altar of Storms | 2 |  | 
| Orc Burrow | 4 |  | 
| Barracks | 1 |  | 
| Stronghold | 3 |  | 
| Voodoo Lounge | 1 |  | 
| Beastiary | 1 |  | 
| Spirit Lodge | 1 |  | 
| War Mill | 1 |  | 
                14 total
 » build order
                00:05 Altar of Storms
00:07 Altar of Storms
00:15 Orc Burrow
00:38 Barracks
01:27 Orc Burrow
02:52 Stronghold
02:52 Stronghold
03:32 Voodoo Lounge
04:14 Orc Burrow
06:11 Beastiary
06:50 Spirit Lodge
06:52 Orc Burrow
08:22 War Mill
» items
                
                | Boots of Speed | 3 |  | 
| Healing Salve | 3 |  | 
| Lesser Clarity Potion | 2 |  | 
| Scroll of Speed | 3 |  | 
| Potion of Lesser Invulnerability | 1 |  | 
| Scroll of Healing | 1 |  | 
                13 total
  
               refereesRush[yyz], 
z_KnucK-, 
ATOUCHOFHERLIPS, 
TIMG4STRok, 
Drew.Brees. Chat log
          (00:07 / All) Rush[yyz]: u suck dick talons
(00:11 / All) TIMG4STRok: good luck dont suck
(00:13 / All) Saigon: Aww come on...
(00:14 / All) ATOUCHOFHERLIPS: whO is Lyn?
(00:17 / All) ATOUCHOFHERLIPS: har har
(00:23 / All) IPRACTICE2SUCK: i pull up in the club vip
(00:28 / All) IPRACTICE2SUCK: CJAY IS BACK
(00:30 / All) Saigon: 50 cent has great lyrical flow
(00:33 / All) ATOUCHOFHERLIPS: whO is lyn?
(00:37 / All) ATOUCHOFHERLIPS: c wat i did thar?
(00:43 / All) Saigon: no..
(00:45 / All) IPRACTICE2SUCK: lol
(00:46 / All) IPRACTICE2SUCK: i get it
(00:48 / All) IPRACTICE2SUCK: WHO
(00:48 / All) ATOUCHOFHERLIPS: ^^
(00:49 / All) IPRACTICE2SUCK: AS IN
(00:52 / All) IPRACTICE2SUCK: WHO IS LYN
(00:53 / All) ATOUCHOFHERLIPS: har har
(00:55 / All) IPRACTICE2SUCK: like ur asking
(00:57 / All) IPRACTICE2SUCK: WHO LYN IS
(00:59 / All) IPRACTICE2SUCK: BUT USING
(01:00 / All) IPRACTICE2SUCK: WHO
(01:02 / All) IPRACTICE2SUCK: AS THE WORD
(01:03 / All) IPRACTICE2SUCK: ROFL
(01:05 / All) ATOUCHOFHERLIPS: har har
(01:05 / All) ATOUCHOFHERLIPS: ^^
(01:08 / All) IPRACTICE2SUCK: LIKE MTW
(01:09 / All) IPRACTICE2SUCK: WHO
(01:10 / All) IPRACTICE2SUCK: LOL
(01:16 / All) Saigon: huh?
(01:23 / All) ATOUCHOFHERLIPS: that wasnt as funny as i thought but reading what you're typing is making me laugh
(01:26 / All) z_KnucK-: hi guys im grubby nice to see ur playing my race
(01:34 / All) Drew.Brees.: hello there
(01:36 / All) ATOUCHOFHERLIPS: hey talons
(01:37 / All) TIMG4STRok: who is best orc here; probably me
(01:42 / All) ATOUCHOFHERLIPS: whO is lyn?
(01:46 / All) z_KnucK-: did u pay for that race?
(01:48 / All) Drew.Brees.: my name is flow rider
(01:53 / All) Drew.Brees.: put your hands up
(01:54 / All) Drew.Brees.: in the ayer
(02:11 / All) Saigon: |
(02:13 / All) Saigon: first blood
(02:20 / All) TIMG4STRok: they drew first blood sarge...
(02:21 / All) Rush[yyz]: +10 exp
(02:22 / All) z_KnucK-: HIDE IN THE TREE
(02:36 / All) TIMG4STRok: nobody like my rambo reference
(02:44 / All) Rush[yyz]: first blood
(02:51 / All) Rush[yyz]: ITS NOT OVER
(03:36 / All) z_KnucK-: just let the bm die
(03:40 / All) z_KnucK-: its wat i would do
(03:51 / All) z_KnucK-: bitches hide
(03:55 / All) Drew.Brees.: i would build towers all over my base
(03:57 / All) Drew.Brees.: but thats just me
(05:15 / All) ATOUCHOFHERLIPS: jay mtw vs mym har har
(05:26 / All) ATOUCHOFHERLIPS: thoughts?
(05:30 / All) ATOUCHOFHERLIPS: predictions?
(05:44 / All) ATOUCHOFHERLIPS: sk vs GG
(05:55 / All) ATOUCHOFHERLIPS: thoughts and predictions?
(06:03 / All) Drew.Brees.: woulda been cool if he put towers next to the voodoo lounge
(06:55 / All) z_KnucK-: this is gay
(06:58 / All) z_KnucK-: ur guys units r teleporting not walking
(07:12 / All) ATOUCHOFHERLIPS: JAY
(07:20 / All) ATOUCHOFHERLIPS: THOUGHTS AND PREDICTIONS MYM VS SK
(07:23 / All) z_KnucK-: 56k SUCKS
(07:26 / All) IPRACTICE2SUCK: What is it
(07:34 / All) ATOUCHOFHERLIPS: WAIT I MEANT MTW MYM
(07:35 / All) ATOUCHOFHERLIPS: LOL
(07:36 / All) z_KnucK-: MYM wins
(07:40 / All) z_KnucK-: MYM still wins
(07:49 / All) ATOUCHOFHERLIPS: MYM LOSES
(07:52 / All) z_KnucK-: NOPE
(07:57 / All) ATOUCHOFHERLIPS: YEP
(07:59 / All) z_KnucK-: whos playin?
(08:03 / All) ATOUCHOFHERLIPS: DUNNO
(08:09 / All) ATOUCHOFHERLIPS: THE USUAL CAST OF CHARACTERS
(08:17 / All) z_KnucK-: DOESNT MATTER
(08:19 / All) z_KnucK-: MYM WINS
(08:20 / All) Saigon: wOW
(11:23 / All) z_KnucK-: was that a mc talons?
(11:28 / All) Saigon: HUH
(11:31 / All) z_KnucK-: and u just let it finish
(11:52 / All) Saigon: GG
(11:53 / All) Saigon: LOL